 Dungeon Crawl Stone Soup version 0.27-a0-1083-gcf8293e1eb (webtiles) character file.

Game seed: 1227150636630051776

185 Gaff the Magician (level 5, -4/35 HPs)
             Began as a Djinni Air Elementalist on Apr 26, 2021.
             Was a Follower of Yredelemnul.
             Slain by Jano's ghost (5 damage)
             ... on level 3 of the Dungeon.
             The game lasted 00:11:06 (3985 turns).

Gaff the Magician (Djinni Air Elementalist)         Turns: 3985, Time: 00:11:06

Health: -4/35      AC:  3    Str:  7    XL:     5   Next: 64%
Gold:   97         EV: 12    Int: 17    God:    Yredelemnul [*.....] SH:  0 Dex: 14

rFire    + + .     SeeInvis .   d - +0 scimitar
rCold    x . .     Faith    .   (no shield)
rNeg     . . .     Spirit   .   a - +0 robe
rPois    ∞         Reflect  .   p - +1 hat
rElec    .         Harm     .   (no cloak)
rCorr    .         Rampage  .   (no gloves)
Will     .....                  (boots unavailable)
Stlth    ++........             (no amulet)
HPRegen  0.11/turn              (no ring)
MPRegen  0.00/turn              (no ring)

@: flying
A: fire resistance 2, cold vulnerability 1, float, innate caster, hp casting,
extra vitality 1
a: Renounce Religion, Animate Remains


You were on level 3 of the Dungeon.
You worshipped Yredelemnul.
Yredelemnul was aware of your devotion.
You visited 1 branch of the dungeon, and saw 3 of its levels.

You collected 97 gold pieces.

Inventory:

Hand Weapons
 d - a +0 scimitar (weapon)
 j - a +4 whip
 k - a +0 short sword of venom
Armour
 a - a +0 robe (worn)
 p - a +1 hat (worn)
Wands
 i - a wand of iceblast (14)
Scrolls
 b - 3 scrolls of identify {unknown}
 h - 2 scrolls of teleportation {unknown}
 l - 2 scrolls of torment {unknown}
 n - a scroll of noise {unknown}
 o - a scroll of magic mapping {unknown}
Potions
 c - 2 potions of degeneration {unknown}
 e - a potion of lignification {unknown}
 f - a potion of curing {unknown}
 g - a potion of attraction {unknown}


   Skills:
 + Level 1.9 Long Blades
 + Level 2.2 Armour
 - Level 2.2 Dodging
 - Level 1.6 Stealth
 * Level 4.2 Spellcasting


You couldn't memorise any spells.
You knew the following spells:

 Your Spells              Type           Power      Damage    Failure   Level
a - Shock                 Conj/Air       72%        1d7       2%          1
b - Static Discharge      Conj/Air       18%        N/A       4%          2
c - Swiftness             Air            18%        N/A       9%          3
d - Airstrike             Air            9%         N/A       26%         4
e - Lightning Bolt        Conj/Air       9%         1d21      58%         5
f - Animate Skeleton      Necr           36%        N/A       2%          1
g - Slow                  Hex            18%        N/A       4%          2
Your spell library was empty.

Dungeon Overview and Level Annotations

Branches:
Dungeon (3/15)

Altars:
Yredelemnul

Annotations:
D:3 Jano's ghost, amateur DsFi


Innate Abilities, Weirdness & Mutations

You are immune to poison.
Your flesh is very heat resistant. (rF++)
You are vulnerable to cold. (rC-)
You float through the air rather than walking.
You learn spells naturally, not from books.
Your magical power is your life essence.
You have superior vitality. (+4 HP)


Message History

Jano's ghost is struck by an arc of lightning!
Jano's ghost is moderately damaged.
The lightning grounds out.
Your rat zombie is struck by an arc of lightning!
The rat zombie is almost destroyed.
Jano's ghost is struck by an arc of lightning.
Jano's ghost is heavily damaged.
The lightning grounds out.
Jano's ghost barely misses you. The rat zombie bites you.
Casting: Static Discharge (safe; 4% risk of failure)
Confirm with . or Enter, or press ? or * to list all spells.
Jano's ghost is struck by an arc of lightning!
Jano's ghost is severely damaged.
The rat zombie is struck by an arc of lightning.
You destroy the rat zombie!
That felt strangely unrewarding.
The lightning grounds out.
Jano's ghost hits you!
* * * LOW HITPOINT WARNING * * *
Casting: Static Discharge (safe; 4% risk of failure)
Confirm with . or Enter, or press ? or * to list all spells.
Jano's ghost is struck by an arc of lightning!
Jano's ghost is almost destroyed.
You are struck by an arc of lightning.
* * * LOW HITPOINT WARNING * * *
The lightning grounds out.
* * * LOW HITPOINT WARNING * * *
Jano's ghost hits you!
* * * LOW HITPOINT WARNING * * *
Aiming: Iceblast
Press: ? - help, Shift-Dir - straight line, f/p - Jano's ghost
Aim: Jano's ghost (almost destroyed)
Okay, then.
Press: ? - help, v - describe, . - travel
Here: Jano's ghost (almost destroyed)
An open translucent gate.
It was a potion of flight.
You feel more buoyant. Jano's ghost hits you.
You die...
Your body rises from the dead as a mindless zombie.

####.####
#######........
#.#####...............
#Z##....#######.####.#
#.##....# #.####.#
#.##..####### #......#
#.....#.....# #.##....
####..#8...(# #.##.###
#..'..(..# #.##.#
#.@W....(###....#
##.'.(...#...##.#
#.#...(.######.###
#.#(..(.# #....
######### ###..
#######.# .........
#######.. #..


You could see Jano's ghost.

Vanquished Creatures
  Terence (D:2)
  An orc wizard (D:3)
  4 adders (D:2)
  3 gnolls (D:3)
  2 worms (D:2)
  4 orcs (D:3)
  5 ball pythons (D:1)
  7 endoplasms
  2 giant cockroaches
  3 hobgoblins
  4 jackals (D:1)
  A kobold (D:1)
  7 quokkas
  4 bats (D:1)
  8 frilled lizards
  6 rats
  A rat zombie (D:3)
63 creatures vanquished.

Notes
Turn   | Place    | Note
-------+----------+-------------------------------------------
     0 | D:1      | Gaff the Djinni Air Elementalist began the quest for the
                  | Orb.
     0 | D:1      | Reached XP level 1. HP: 15/15 MP: 0/0
    84 | D:1      | Reached skill level 3 in Spellcasting
   233 | D:1      | Reached XP level 2. HP: 19/21 MP: 0/0
   744 | D:1      | Reached XP level 3. HP: 23/25 MP: 0/0
   744 | D:1      | Learned a level 1 spell: Animate Skeleton
  1308 | D:2      | Reached skill level 1 in Armour
  1334 | D:2      | Noticed Terence
  1344 | D:2      | Killed Terence
  1345 | D:2      | Reached skill level 1 in Long Blades
  1345 | D:2      | Reached XP level 4. HP: 12/31 MP: 0/0
  2607 | D:2      | Reached XP level 5. HP: 33/35 MP: 0/0
  2607 | D:2      | Learned a level 2 spell: Slow
  3141 | D:3      | Reached skill level 4 in Spellcasting
  3675 | D:3      | Found a faded altar of an unknown god.
  3677 | D:3      | Became a worshipper of Yredelemnul the Dark
  3677 | D:3      | Reached * piety under Yredelemnul
  3963 | D:3      | Found a runed translucent gate.
  3963 | D:3      | Found a runed translucent gate.
  3973 | D:3      | Found a runed translucent gate.
  3974 | D:3      | Noticed Jano's ghost (amateur DsFi)
  3984 | D:3      | HP: 1/35 [Jano's ghost (9)]
  3985 | D:3      | Slain by Jano's ghost

Illustrated notes

Levels and vault maps discovered:
D:1:      noname_arrival_rooms_in_the_neighbourhood, layout_rooms
D:2:      minmay_skewed_foursquare, layout_basic, uniq_terence
D:3:      layout_loops_ring, ebering_ghost_rock_garden,
          chequers_ecumenical_altar_twisty, minmay_tree_intersection,
          chequers_serial_rivers_room_b, kennysheep_another_room

Skill      XL: |  1  2  3  4  5 |
---------------+----------------+-----
Spellcasting   | 3 4 |  4.2
Armour         | 1 2 |  2.2
Long Blades    | 1 |  1.9
Dodging        | |  2.2
Stealth        | |  1.6

Action                   |  1- 3 |  4- 6 || total
-------------------------+-------+-------++-------
Melee: Scimitar          |     2 |     1 ||     3
 Cast: Shock             |    62 |    68 ||   130
       Animate Skeleton  |     7 |     6 ||    13
       Static Discharge  |     3 |    11 ||    14
Invok: Animate Remains   |       |     1 ||     1
  Use: Potion            |       |     1 ||     1
Armor: Robe              |     3 |     1 ||     4
Dodge: Dodged            |     7 |     6 ||    13
       Rpst.: Scimitar   |       |     1 ||     1

Table legend: (Time is in decaauts)
 A = Elapsed time spent in this place.
 B = Non-inter-level travel time spent in this place.
 C = Inter-level travel time spent in this place.
 D = Time resting spent in this place.
 E = Time spent auto-exploring this place.
 F = Levels seen in this place.
 G = Mean time per level.
                   A        B        C        D        E       F      G
               +--------+--------+--------+--------+--------+-----+--------+
         Total |   3985 |   3927 |     58 |   1649 |   1766 |   3 | 1328.3 |
       Dungeon |   3985 |   3927 |     58 |   1649 |   1766 |   3 | 1328.3 |
               +--------+--------+--------+--------+--------+-----+--------+

Top non-repeatable levels by time:
     D:2: 1769 daAuts
     D:1: 1281 daAuts
     D:3: 934 daAuts
